 Dungeon Crawl Stone Soup version 0.25-a0-177-gd145f35b4e (webtiles) character file.

Game seed: 7495857640381619637, levelgen mode: deterministic

338 Gumption the Stinger (level 6, -4/36 HPs)
             Began as an Octopode Venom Mage on Nov 26, 2019.
             Was an Initiate of Yredelemnul.
             Killed from afar by an orc wizard (14 damage)
             ... with a puff of flame
             ... on level 4 of the Dungeon.
             The game lasted 00:28:22 (4386 turns).

Gumption the Stinger (Octopode Venom Mage)          Turns: 4386, Time: 00:28:22

Health: -4/36      AC:  6    Str:  7    XL:     6   Next: 55%
Magic:  4/9        EV: 14    Int: 22    God:    Yredelemnul [......]
Gold:   163        SH:  0    Dex: 13    Spells: 0/10 levels left

rFire    . . .     SeeInvis .   a - +0 dagger
rCold    . . .     Gourm    .   (no shield)
rNeg     . . .     Faith    .   h - +2 hat {Int+3}
rPois    +         Spirit   .   (no amulet)
rElec    .         Reflect  .   q - +3 ring of protection
rCorr    .         Harm     .   t - ring of poison resistance
MR       .....                  (no ring)
Stlth    ++++......             (no ring)
HPRegen  0.12/turn              (no ring)
MPRegen  0.11/turn              (no ring)
                                (no ring)
                                (no ring)

@: no status effects
A: almost no armour, stealthy swim, amphibious, 8 rings, constrict 8, camouflage
1, gelatinous body 1
a: Renounce Religion


You were on level 4 of the Dungeon.
You worshipped Yredelemnul.
Yredelemnul was noncommittal.
You were hungry.

You visited 1 branch of the dungeon, and saw 4 of its levels.

You collected 163 gold pieces.

Inventory:

Hand Weapons
 a - a +0 dagger (weapon)
 o - a +0 spear
 v - a +0 hunting sling
Missiles
 b - 7 poisoned darts (quivered)
 f - 45 sling bullets
 j - 84 stones
 n - 2 throwing nets
Armour
 h - a +2 hat of intelligence (worn)
Jewellery
 q - a +3 ring of protection (left tentacle)
 t - a ring of poison resistance (right tentacle)
Scrolls
 d - a scroll of fog {unknown}
 g - 3 scrolls of remove curse
 k - 2 scrolls of teleportation {unknown}
 l - a scroll of blinking {unknown}
 m - a scroll of amnesia {unknown}
 r - a scroll of identify
Potions
 c - 9 potions of curing
 i - a potion of heal wounds
 p - a potion of degeneration {unknown}
 s - a potion of invisibility {unknown}
 u - a potion of lignification {unknown}
Comestibles
 e - 5 rations


   Skills:
 + Level 2.8 Dodging
 + Level 4.2 Stealth
 + Level 2.6 Spellcasting
 * Level 3.1 Conjurations
 * Level 2.4 Air Magic
 * Level 5.2 Poison Magic


You couldn't memorise any spells.
You knew the following spells:

 Your Spells              Type           Power        Failure   Level  Hunger
a - Sting                 Conj/Pois      ###.         2%          1    None
b - Poisonous Vapours     Pois/Air       ###...       4%          2    ##.....
c - Mephitic Cloud        Conj/Pois/Air  ###.....     9%          3    ###....
d - Olgreb's Toxic Radia  Pois           ####....     14%         4    ####...

Your spell library contained the following spells:

 Spells                   Type           Power        Failure   Level  Hunger
 Venom Bolt               Conj/Pois      ###.......   54%         5    ######.


Dungeon Overview and Level Annotations

Branches:
Dungeon (4/15)
 Temple: D:4-7

Altars:
Dithmenos
Fedhas
Uskayaw
Wu Jian
Yredelemnul
The Shining One


Innate Abilities, Weirdness & Mutations

You cannot wear most types of armour.
You are very stealthy in the water. (Stealth+)
You are amphibious.
You can wear up to eight rings at the same time.
You can use your tentacles to constrict eight enemies at once.
Your skin changes colour to match your surroundings (Stealth+).
Your rubbery body absorbs attacks. (AC +1, EV +1)


Message History

The sting hits the orc wizard.
The orc wizard looks even sicker.
The orc wizard is severely wounded.
You hit the orc wizard.
You kill the orc wizard!
Yredelemnul accepts your kill.
You barely miss the orc wizard. Your grab misses the orc wizard.
The orc wizard barely misses you.
You closely miss the orc wizard. Your grab misses the orc wizard.
The orc wizard casts a spell.
The orc wizard seems to speed up.
You hit the orc wizard. Your grab misses the orc wizard.
The orc wizard is lightly wounded.
The orc wizard barely misses you.
You closely miss the orc wizard. Your grab misses the orc wizard.
The orc wizard is lightly wounded.
The orc wizard closely misses you.
The orc wizard gestures at you while chanting.
The puff of flame hits you!
You die...
Your body rises from the dead as a mindless zombie.

.......##.# #..#
....#####.# #..#
##### #.# #..###
#.# #.... ..#
#.####.#########.#
#..............#.#
#..#####.#####.#.#
#..# #.# #.#.#
#..# #@# #.#.## #
#..#
#o#####.#..###....
#...
#.#...oo........#
##.#
#.....####.####.#
#.# ###.#.# #.#
#.#.# #.# ....#
.o. ...... ._o
......# ...#


You could see an orc wizard.

Vanquished Creatures
  A crimson imp (D:3)
  An orc wizard (D:4)
  2 orc priests (D:3)
  A worker ant (D:2)
  5 adders
  5 gnolls
  An ooze (D:3)
  2 worms (D:3)
  A dart slug (D:3)
  2 leopard geckos
  3 orcs
  3 bats
  16 giant cockroaches
  5 goblins
  8 hobgoblins
  3 jackals (D:2)
  A quokka (D:3)
  3 frilled lizards
  10 kobolds
  13 rats
86 creatures vanquished.

Notes
Turn   | Place    | Note
-------+----------+-------------------------------------------
     0 | D:1      | Gumption the Octopode Venom Mage began the quest for the
                  | Orb.
     0 | D:1      | Reached XP level 1. HP: 11/11 MP: 3/3
   446 | D:1      | Reached XP level 2. HP: 17/17 MP: 3/5
   450 | D:1      | Learned a level 2 spell: Poisonous Vapours
   717 | D:1      | Reached skill level 4 in Poison Magic
  1061 | D:1      | Reached XP level 3. HP: 21/21 MP: 3/6
  1091 | D:1      | Learned a level 3 spell: Mephitic Cloud
  1626 | D:2      | Reached XP level 4. HP: 27/27 MP: 4/7
  1819 | D:2      | Reached skill level 1 in Air Magic
  2001 | D:2      | Reached XP level 5. HP: 18/31 MP: 3/8
  2301 | D:2      | Found a glowing golden altar of the Shining One.
  3434 | D:3      | Reached XP level 6. HP: 20/36 MP: 9/9
  3437 | D:3      | Reached skill level 5 in Poison Magic
  3768 | D:3      | Found a blossoming altar of Fedhas.
  3768 | D:3      | Found a hide-covered altar of Uskayaw.
  3769 | D:3      | Found a basalt altar of Yredelemnul.
  3776 | D:3      | Found an ornate altar of the Wu Jian Council.
  3806 | D:3      | Became a worshipper of Yredelemnul the Dark
  4298 | D:3      | Learned a level 4 spell: Olgreb's Toxic Radiance
  4361 | D:4      | Found a shadowy altar of Dithmenos.
  4386 | D:4      | Killed from afar by an orc wizard

Levels and vault maps discovered:
D:1:      minmay_arrival_diagonal_passages, layout_basic, serial_bayou_ford_a,
          hangedman_feature_mirror
D:2:      minmay_roachtagon, layout_loops_cross, marbit_many_paths
D:3:      layout_basic, minitemple, minmay_unequal
D:4:      layout_loops_ring, lemuel_zombie_altar_kikubaaqudgha,
          nicolae_overflow_crystal_walls, minmay_temple_entry_large_hall

Skill      XL: |  1  2  3  4  5  6 |
---------------+-------------------+-----
Poison Magic   | 4 5 |  5.2
Stealth        | 3 4 |  4.2
Conjurations   | 2 3 |  3.1
Air Magic      | 1 2 |  2.4
Dodging        | |  2.8
Spellcasting   | |  2.6

Action                   |  1- 3 |  4- 6 || total
-------------------------+-------+-------++-------
Melee: Dagger            |    35 |   114 ||   149
       Tentacles         |     6 |    13 ||    19
       Unarmed           |     2 |       ||     2
       Constrict         |    14 |    28 ||    42
 Cast: Sting             |    45 |    50 ||    95
       Poisonous Vapours |       |    12 ||    12
  Use: Scroll            |       |     3 ||     3
 Stab: Sleeping          |     2 |     2 ||     4
       Distracted        |       |     1 ||     1
  Eat: Chunk             |     2 |     9 ||    11
Armor: Skin              |     6 |    22 ||    28
Dodge: Dodged            |    19 |    66 ||    85

Table legend:
 A = Non-vault XP
 B = Vault XP
 C = Vault XP percentage of total XP
 D = Non-vault monster count
 E = Vault monster count
 F = Vault count percentage of total count
                 A         B        C        D         E       F
            +---------+---------+-------+---------+---------+-------
      Total |     445 |      38 |   7.9 |      70 |      16 |  18.6
            +---------+---------+-------+---------+---------+-------
        D:1 |      50 |       0 |   0.0 |      24 |       0 |   0.0
        D:2 |     171 |      26 |  13.2 |      25 |      13 |  34.2
        D:3 |     176 |      12 |   6.4 |      19 |       3 |  13.6
        D:4 |      48 |       0 |   0.0 |       2 |       0 |   0.0
            +---------+---------+-------+---------+---------+-------
